 Dungeon Crawl Stone Soup version 0.27-a0-720-g3f424a255b (webtiles) character file.

Game seed: 7373484666309631932

15810 Johnny the Carver (level 12, -21/177 (189) HPs)
             Began as a Troll Berserker on Mar 23, 2021.
             Was an Elder of Trog.
             Succumbed to an orc warlord's poison
             ... on level 1 of the Orcish Mines.
             The game lasted 00:15:51 (10969 turns).

Johnny the Carver (Troll Berserker)                Turns: 10969, Time: 00:15:52

HP:   -21/177 (189) AC: 13    Str: 32    XL:     12   Next: 4%
MP:   11/11         EV: 28    Int:  3    God:    Trog [****..]
Gold: 398           SH:  0    Dex:  9    Spells: 11/11 levels left

rFire    + . .     SeeInvis .   L - +4 great sword (flame)
rCold    . . .     Faith    .   (shield currently unavailable)
rNeg     . . .     Spirit   .   D - +0 acid dragon scales
rPois    .         Reflect  .   y - +2 hat
rElec    .         Harm     .   f - +2 cloak
rCorr    +         Rampage  .   (gloves unavailable)
Will     ++...                  (boots unavailable)
Stlth    ..........             w - amulet of the acrobat
HPRegen  2.39/turn              e - ring of protection from fire
MPRegen  0.12/turn              h - +4 ring of evasion

@: berserking, lethally poisoned (-21 -> -38), acrobatic, very slightly
contaminated, regenerating, drained, invisible, very quick
A: large, unfitting armour, claws 3, regeneration 1, shaggy fur 1, tough skin 1
a: Renounce Religion, Berserk, Trog's Hand, Brothers in Arms


You were on level 1 of the Orcish Mines.
You worshipped Trog.
Trog was greatly pleased with you.
You visited 2 branches of the dungeon, and saw 13 of its levels.
You also visited: Ossuary.

You collected 684 gold pieces.
You spent 286 gold pieces at shops.

Inventory:

Hand Weapons
 a - a +0 falchion
 L - a +4 great sword of flaming (weapon)
 Q - the +5 short sword "Kawonem" {vorpal, rElec rF+ Will++}
   (You found it on level 11 of the Dungeon)

   It inflicts extra damage upon your enemies.
   It protects you from fire.
   It insulates you from electricity.
   It affects your willpower, your defense against some magical effects.
Missiles
 l - 9 large rocks
Armour
 f - a +2 cloak (worn)
 y - a +2 hat (worn)
 D - +0 acid dragon scales (worn)
Jewellery
 b - a ring of protection from cold
 e - a ring of protection from fire (right claw)
 h - a +4 ring of evasion (left claw)
 w - an amulet of the acrobat (around neck)
Wands
 s - a wand of digging (5)
 G - a wand of polymorph (3)
Scrolls
 d - 3 scrolls of amnesia
 j - 5 scrolls of enchant armour
 m - 9 scrolls of teleportation
 n - 2 scrolls of enchant weapon
 p - 2 scrolls of immolation
 q - a scroll of silence
 v - a scroll of brand weapon
 A - a scroll of fear
 B - 5 scrolls of fog
 F - 3 scrolls of magic mapping
 M - a scroll of noise
 N - a scroll of acquirement {unknown}
Potions
 c - 4 potions of brilliance
 g - 6 potions of flight
 i - 5 potions of curing
 k - 4 potions of heal wounds
 o - 4 potions of haste {unknown}
 r - 2 potions of attraction {unknown}
 t - 3 potions of lignification {unknown}
 u - a potion of might {unknown}
 x - a potion of cancellation {unknown}
 z - a potion of magic {unknown}
 E - a potion of degeneration {unknown}
 H - a potion of ambrosia {unknown}
 I - a potion of resistance
 P - a potion of mutation {unknown}


   Skills:
 + Level 10.0 Fighting
 * Level 13.4 Long Blades
 - Level 2.4 Dodging


You had 11 spell levels left.
You didn't know any spells.
Your spell library contained the following spells:

 Spells                   Type           Power      Damage    Failure   Level
 Animate Skeleton         Necr           0%         N/A       58%         1
 Apportation              Tloc           0%         N/A       58%         1
 Corona                   Hex            0%         N/A       58%         1
 Summon Small Mammal      Summ           0%         N/A       58%         1


Dungeon Overview and Level Annotations

Branches:
Dungeon (11/15)            Temple (0/1) D:5            Lair (0/6) D:9
    Orc (2/2) D:10            Elf (0/3) Orc:2       Ossuary (visited)

Altars:
Kikubaaqudgha
Qazlal
Vehumet

Shops:
D:6 [   D:7 !   D:9 ?

Portals:
Ice
Cave: Orc:2


Innate Abilities, Weirdness & Mutations

You are too large for most types of armour.
You have claws for hands.
Your natural rate of healing is unusually fast.
You are covered in fur. (AC +1)
You have tough skin. (AC +1)


Message History

You are very lightly contaminated with residual magic.
Aiming: Corrosive Bolt
Press: ? - help, Shift-Dir - straight line, f - orc warlord
Aim: an orc warlord, wielding a +2 war axe of venom, wearing a +4 plate armour of fire resistance and wearing a +0 kite shield (14% to evade)
The bolt of acid hits the orc warlord.
The orc warlord is splashed with acid.
The orc warlord is lightly wounded.
Aiming: Corrosive Bolt
Press: ? - help, Shift-Dir - straight line, f/p - orc warlord
Aim: an orc warlord, wielding a +2 war axe of venom, wearing a +4 plate armour of fire resistance and wearing a +0 kite shield (lightly wounded, 14% to evade)
The bolt of acid hits the orc warlord.
The orc warlord is splashed with acid.
The orc warlord is lightly wounded.
Aiming: Corrosive Bolt
Press: ? - help, Shift-Dir - straight line, f/p - orc warlord
Aim: an orc warlord, wielding a +2 war axe of venom, wearing a +4 plate armour of fire resistance and wearing a +0 kite shield (lightly wounded, 14% to evade)
The bolt of acid hits the orc warlord.
The orc warlord is splashed with acid.
The acid corrodes the orc warlord!
The orc warlord is lightly wounded.
Aiming: Corrosive Bolt
Press: ? - help, Shift-Dir - straight line, f/p - orc warlord
Aim: an orc warlord, wielding a +2 war axe of venom, wearing a +4 plate armour of fire resistance and wearing a +0 kite shield (lightly wounded, covered in acid, 14% to evade)
The bolt of acid hits the orc warlord!
The orc warlord is splashed with acid!
The orc warlord is moderately wounded.
The now-empty wand crumbles to dust.
A red film seems to cover your vision as you go berserk!
You feel yourself moving faster!
You feel mighty!
The orc warlord hits you with a +2 war axe of venom!!
You are poisoned.
You slice the orc warlord!!
The orc warlord is heavily wounded.
You feel extremely sick.
The orc warlord hits you with a +2 war axe of venom!
You are more poisoned.
You open the orc warlord like a pillowcase!!!
You burn the orc warlord!
The orc warlord is almost dead.
You feel extremely sick.
The orc warlord hits you with a +2 war axe of venom!!
* * * LOW HITPOINT WARNING * * *
You are lethally poisoned!
You die...

######### ##
##.#.#.#.## ##.
##.........##### #..
#.........#.##.## ##..
#...><..........# #...
##.............####...
#....@.#......###.....
##..)).........#......
#...o.......#.###.##..
##...........####.#...
##....#.##..###......
##.....###....###.....
#.....###....#####....
#....#.###.###.###....
##..#...#.##.....##...


You could see an orc warlord (corroded).

Vanquished Creatures
  Gastronok (D:8)
  Snorg (Orc:1)
  An unseen horror (D:11)
  2 cyclopes
  An ugly thing (D:11)
  2 gargoyles
  Psyche (D:8)
  A troll (Orc:1)
  Grinder (D:4)
  A meliai zombie (D:9)
  A shadow (D:10)
  6 yaks
  2 wraiths
  Grum (D:8)
  2 wargs (Orc:1)
  Menkaure (D:4)
  Edmund (D:6)
  A soldier ant (D:10)
  An acid dragon (D:11)
  4 water moccasins (D:9)
  3 black bears (D:9)
  2 ice beasts (D:10)
  4 sky beasts
  11 orc warriors
  3 ogres
  A necrophage (D:9)
  A wolf (D:8)
  11 centaurs
  4 phantoms
  6 bullfrogs
  An elf zombie (D:9)
  An elf skeleton (D:9)
  8 scorpions
  A wyvern skeleton (D:10)
  6 killer bees
  10 wights
  3 howler monkeys
  4 jellies
  6 orc priests
  A gnoll shaman (D:4)
  4 hounds
  Crazy Yiuf (D:7)
  9 human zombies
  4 bullfrog skeletons
  2 iguanas
  12 orc wizards
  Natasha (twice) (D:2)
  A human skeleton (D:9)
  5 worker ants
  3 hound zombies
  4 hound skeletons
  4 mummies
  A howler monkey zombie (D:10)
  Robin (D:2)
  4 worker ant zombies
  4 scorpion zombies (Ossuary)
  18 adders
  14 gnolls
  3 river rats (D:4)
  A shadow imp (D:9)
  2 white imps
  An ufetubus (D:5)
  2 adder skeletons (D:4)
  An adder zombie (D:9)
  7 worms
  A dart slug (D:1)
  42 orcs
  4 giant cockroaches
  15 goblins
  8 hobgoblins
  5 jackals
  6 oozes
  4 quokkas
  6 bats
  9 frilled lizards
  2 gnoll zombies (Ossuary)
  2 goblin zombies (Ossuary)
  A hobgoblin zombie (Ossuary)
  6 kobolds
  2 kobold zombies (Ossuary)
  4 orc zombies
  A quokka skeleton (D:4)
  9 rats
356 creatures vanquished.

Vanquished Creatures (collateral kills)
  A boulder beetle (D:10)
  An orc knight (Orc:1)
  A freezing wraith (D:10)
  3 orc warriors
  A wolf (D:8)
  3 ogres
  An adder (D:6)
  10 orcs
21 creatures vanquished.

Vanquished Creatures (others)
  3 scorpions (Ossuary)
  An orc zombie (Ossuary)
  43 fungi (D:9)
  43 plants
90 creatures vanquished.

Grand Total: 467 creatures vanquished

Notes
Turn   | Place    | Note
-------+----------+-------------------------------------------
     0 | D:1      | Johnny the Troll Berserker began the quest for the Orb.
     0 | D:1      | Reached XP level 1. HP: 22/22 MP: 0/0
    33 | D:1      | Reached XP level 2. HP: 9/29 MP: 1/1
   190 | D:1      | Reached skill level 3 in Long Blades
   316 | D:1      | Reached XP level 3. HP: 36/36 MP: 2/2
   797 | D:2      | Reached ** piety under Trog
   813 | D:2      | Noticed Natasha
   822 | D:2      | Killed Natasha
   823 | D:2      | Reached XP level 4. HP: 45/45 MP: 3/3
  1336 | D:2      | Noticed Natasha
  1349 | D:2      | Killed Natasha
  1350 | D:2      | Reached skill level 4 in Long Blades
  1406 | D:2      | Reached XP level 5. HP: 53/53 MP: 4/4
  1450 | D:2      | Noticed Robin
  1463 | D:2      | Killed Robin
  1791 | D:3      | Reached *** piety under Trog
  1841 | D:3      | Found a radiant altar of Vehumet.
  1990 | D:3      | Reached XP level 6. HP: 49/62 MP: 5/5
  2329 | D:4      | Reached skill level 5 in Long Blades
  2338 | D:4      | Noticed Menkaure
  2414 | D:4      | Killed Menkaure
  2597 | D:4      | Reached XP level 7. HP: 70/70 MP: 6/6
  2601 | D:4      | Reached **** piety under Trog
  2626 | D:4      | Found a sand-covered staircase.
  2647 | Ossuary  | Entered an ossuary
  2736 | Ossuary  | Reached skill level 6 in Long Blades
  3050 | Ossuary  | Reached skill level 5 in Fighting
  3054 | Ossuary  | Reached XP level 8. HP: 80/80 MP: 7/7
  3081 | Ossuary  | Reached ***** piety under Trog
  3082 | Ossuary  | Reached skill level 7 in Long Blades
  3212 | D:4      | Noticed Grinder
  3225 | D:4      | Killed Grinder
  3861 | D:5      | Entered Level 5 of the Dungeon
  3866 | D:5      | Found a stormy altar of Qazlal.
  3915 | D:5      | Found a staircase to the Ecumenical Temple.
  4166 | D:5      | Reached skill level 8 in Long Blades
  4183 | D:5      | Identified the +1 robe of Relekk {Str+5 Dex+4}
  5061 | D:6      | Noticed Maggie
  5077 | D:6      | Noticed Maggie
  5077 | D:6      | Maggie changed into Maggie the killer bee
  5085 | D:6      | Killed Maggie the killer bee
  5197 | D:5      | Reached XP level 9. HP: 38/89 MP: 8/8
  5482 | D:6      | Found Isygoluw's Armour Shop.
  5488 | D:6      | Noticed Edmund
  5505 | D:6      | Killed Edmund
  6057 | D:7      | Found Eklam's Distillery.
  6067 | D:7      | Reached skill level 9 in Long Blades
  6089 | D:7      | Bought a potion of heal wounds for 55 gold pieces
  6089 | D:7      | Bought a potion of curing for 33 gold pieces
  6089 | D:7      | Bought a potion of resistance for 110 gold pieces
  6089 | D:7      | Bought a potion of invisibility for 88 gold pieces
  6384 | D:7      | Found a runed translucent door.
  6385 | D:7      | Noticed Crazy Yiuf
  6393 | D:7      | Killed Crazy Yiuf
  6602 | D:8      | Noticed Psyche
  6607 | D:8      | Noticed Gastronok
  6753 | D:8      | Killed Gastronok
  6754 | D:8      | Reached skill level 10 in Long Blades
  6754 | D:8      | Reached XP level 10. HP: 102/102 MP: 9/9
  6804 | D:8      | Noticed Grum
  7017 | D:9      | Found Agaqer's Magic Scroll Boutique.
  7241 | D:9      | Found a staircase to the Lair.
  7426 | D:9      | Reached skill level 11 in Long Blades
  7808 | D:9      | Found an ancient bone altar of Kikubaaqudgha.
  7909 | D:8      | Killed Psyche
  7919 | D:8      | Killed Grum
  7956 | D:8      | Identified the +8 hand axe "Banisher" {freeze, rC+ rN+
                  | Dex-3}
  8180 | D:10     | Entered Level 10 of the Dungeon
  8347 | D:10     | Identified the +6 short sword "Dragonbane" {vorpal, Dex+5}
  8616 | D:10     | Noticed a gargoyle
  8634 | D:10     | Killed a gargoyle
  8635 | D:10     | Reached XP level 11. HP: 75/113 MP: 10/10
  8750 | D:10     | Noticed a boulder beetle
  8757 | D:10     | Killed a boulder beetle
  8823 | D:10     | Reached skill level 12 in Long Blades
  9051 | D:10     | Found a staircase to the Orcish Mines.
  9077 | D:10     | Received a gift from Trog
  9586 | D:11     | Noticed a brown ugly thing
  9597 | D:11     | Killed a red ugly thing
  9799 | D:11     | Killed an unseen horror
 10044 | D:11     | Identified the +5 short sword "Kawonem" {vorpal, rElec rF+
                  | Will++}
 10304 | Orc:1    | Entered Level 1 of the Orcish Mines
 10305 | Orc:1    | Noticed an orc knight
 10315 | Orc:1    | Killed an orc knight
 10422 | Orc:1    | Reached skill level 13 in Long Blades
 10548 | Orc:1    | Received a gift from Trog
 10643 | Orc:1    | Noticed Snorg
 10654 | Orc:1    | Killed Snorg
 10788 | Orc:2    | Entered Level 2 of the Orcish Mines
 10788 | Orc:2    | Found a frozen archway.
 10788 | Orc:2    | Noticed an orc warlord
 10797 | Orc:2    | Reached XP level 12. HP: 114/126 MP: 11/11
 10886 | Orc:2    | Reached skill level 10 in Fighting
 10894 | Orc:2    | Found a staircase to the Elven Halls.
 10968 | Orc:1    | HP: 1/177 [orc warlord/+2 war axe of venom (32)]
 10969 | Orc:1    | Succumbed to an orc warlord's poison

Illustrated notes

Levels and vault maps discovered:
D:1:      wander_arrival_lonely_grave, layout_basic
D:2:      layout_loops_corners, uniq_robin, uniq_natasha
D:3:      corexii_shack_village, layout_basic, marbit_many_paths,
          minmay_misc_feat_columns
D:4:      layout_basic, lightli_sewer_entry_pipes,
          lightli_ossuary_entry_decrepit_ruins, uniq_grinder, uniq_menkaure
D:5:      minmay_diamond_boxcup, layout_basic, minmay_temple_entry_sparse_star,
          basic_altar, kennysheep_generic_room_6
D:6:      layout_rooms, serial_shops, shop, st_stairs_12, grunt_decor_cap,
          uniq_edmund, uniq_maggie
D:7:      layout_cave_pools, serial_shops, nicolae_shop_waterfront,
          uniq_crazy_yiuf_cottage
D:8:      layout_rooms, uniq_psyche, uniq_grum, uniq_gastronok
D:9:      layout_small_grid, due_lair_maze_entry_diamond, serial_shops,
          nicolae_shop_stone, minmay_misc_feat_iff, solitary_fountain,
          lemuel_mausoleum_altar_kikubaaqudgha
D:10:     layout_loops_ring, david_orc_2, minmay_shattered_shrine
D:11:     layout_cave_pods
Orc:1:    layout_caves, uniq_snorg
Orc:2:    kennysheep_orc_mage_school, layout_caves,
          portal_ice_cave_entry_pillars_2, lightli_orcish_oven

Skill      XL: |  1  2  3  4  5  6  7  8  9 10 11 12 |
---------------+-------------------------------------+-----
Long Blades    | 3 4 5 6 8 10 11 13 | 13.4
Fighting       | 3 4 5 6 7 8 9 10 | 10.0
Dodging        | |  2.4

Action                   |  1- 3 |  4- 6 |  7- 9 | 10-12 || total
-------------------------+-------+-------+-------+-------++-------
Melee: Falchion          |    84 |   262 |   556 |   628 ||  1530
       Great sword       |       |       |       |   162 ||   162
Invok: Berserk           |     1 |     4 |     7 |     8 ||    20
       Trog's Hand       |       |       |     2 |     4 ||     6
       Brothers in Arms  |       |       |     2 |     6 ||     8
Evoke: Wand              |       |       |    26 |    28 ||    54
  Use: Scroll            |       |       |    11 |     6 ||    17
       Potion            |       |       |       |     2 ||     2
 Stab: Sleeping          |       |       |     3 |       ||     3
       Paralysed         |       |       |       |     3 ||     3
Armor: Animal skin       |    20 |    75 |    65 |       ||   160
       Acid dragon scale |       |       |   101 |   291 ||   392
       Robe              |       |       |    18 |       ||    18
Dodge: Dodged            |    54 |   180 |   432 |   497 ||  1163
       Rpst.: Falchion   |    16 |    45 |   112 |    73 ||   246
       Great sword       |       |       |       |    42 ||    42

Table legend: (Time is in decaauts)
 A = Elapsed time spent in this place.
 B = Non-inter-level travel time spent in this place.
 C = Inter-level travel time spent in this place.
 D = Time resting spent in this place.
 E = Time spent auto-exploring this place.
 F = Levels seen in this place.
 G = Mean time per level.
                   A        B        C        D        E       F      G
               +--------+--------+--------+--------+--------+-----+--------+
         Total |  11035 |  10413 |    622 |    706 |   6682 |  14 |  788.2 |
       Dungeon |   9766 |   9193 |    573 |    554 |   6177 |  11 |  887.8 |
  Orcish Mines |    686 |    637 |     49 |     63 |    331 |   2 |  343.0 |
       Ossuary |    581 |    581 |      0 |     89 |    174 |   1 |  581.0 |
               +--------+--------+--------+--------+--------+-----+--------+

Top non-repeatable levels by time:
     D:5: 1390 daAuts
    D:10: 1122 daAuts
     D:2: 1057 daAuts
     D:4: 1003 daAuts
     D:9: 996 daAuts
    D:11: 993 daAuts
     D:3: 711 daAuts
     D:7: 704 daAuts
     D:1: 644 daAuts
   Orc:1: 619 daAuts
     D:6: 601 daAuts
 Ossuary: 581 daAuts
     D:8: 539 daAuts
   Orc:2: 67 daAuts
